 Dungeon Crawl Stone Soup version 0.16-a0-3855-gd2600ac (webtiles) character file.

327 timbw the Slasher (level 6, -2/47 HPs)
             Began as a Human Fighter on Jan 31, 2015.
             Was an Initiate of Okawaru.
             Slain by a cyclops (24 damage)
             ... on level 7 of the Dungeon.
             The game lasted 00:06:47 (1601 turns).

timbw the Slasher (Human Fighter)                   Turns: 1601, Time: 00:06:47

Health: -2/47      AC: 13    Str: 17    XL:     6   Next: 79%
Magic:  6/6        EV:  7    Int:  8    God:    Okawaru [......]
Gold:   89         SH:  2    Dex: 14    Spells: 0 memorised, 5 levels left

rFire  + . .     SeeInvis .     a - +0 long sword
rCold  + . .     Clarity  .     n - +0 chain mail
rNeg   . . .     SustAb   +     (no shield)
rPois  +         Gourm    .     (no helmet)
rElec  +         Spirit   .     (no cloak)
rCorr  +         Warding  .     g - +0 pair of gloves
rMut   .         Stasis   .     e - +0 pair of boots
MR     .....                    (no amulet)
Stlth  ..........               (no ring)
                                j - ring of sustain abilities

@: resistant, not resistant to hostile enchantments, extremely unstealthy
A: large bone plates 1
a: Renounce Religion


You were on level 7 of the Dungeon.
You worshipped Okawaru.
Okawaru was noncommittal.
You were not hungry.

You visited 1 branch of the dungeon, and saw 7 of its levels.

You collected 89 gold pieces.

Inventory:

Hand weapons
 a - a +0 long sword (weapon)
Armour
 b - a +1 scale mail
 e - a +0 pair of boots (worn)
 g - a +0 pair of gloves (worn)
 n - a +0 chain mail (worn)
Jewellery
 h - an uncursed ring of ice
 j - a ring of sustain abilities (left hand)
Magical devices
 i - a wand of digging (5)
Scrolls
 k - a scroll of enchant armour
Comestibles
 d - a bread ration
 l - 4 fruits


   Skills:
 - Level 3.0 Fighting
 + Level 6.7 Long Blades
 - Level 3.0 Armour
   Level 3.0 Shields


You had 5 spell levels left.
You didn't know any spells.

Dungeon Overview and Level Annotations

Branches:
Dungeon (7/15)
 Temple: D:4-7

Altars:
Gozag
Okawaru
Sif Muna
Zin


Innate Abilities, Weirdness & Mutations

You are partially covered in large bone plates (AC +2, SH +2).


Message History

It was a potion of cure mutation.
It has a very clean taste.
Your icy blue scales disappear.
You feel a little less jittery.
You aren't carrying any potions.
Unknown command.
Read which item? (? for menu, Esc to quit)
As you read the scroll labeled CLUANUVEHEI, it crumbles to dust.
You feel blessed for a moment.
It was a scroll of remove curse.
You aren't carrying any potions.
Unknown command.
You start resting.
You hit the cyclops.
The cyclops is lightly wounded.
The cyclops barely misses you.
You hit the cyclops but do no damage.
The cyclops is lightly wounded.
You hit the cyclops.
The cyclops is lightly wounded.
The cyclops hits you!!
Ouch! That really hurt!
You die...

#.## #....#.# #..#
#...## # ##.#
#..## #.#
##...#####
#.###.C...†).###
##.C......####.(##
(C.....#### ###.##
.####...# ##C# .#
##..# ##@## .#
#### ##.## .#
##.## .# ##.## ..
#.## .. ### ... .


You could see a cyclops.

Vanquished Creatures
  An ogre (D:5)
  A wight (D:7)
  2 hounds (D:6)
  A jelly (D:6)
  A worker ant (D:7)
  A worker ant zombie (D:7)
  An adder (D:6)
  A shadow imp (D:7)
  A giant mite (D:6)
  An adder zombie (D:5)
  10 orcs
  A bat zombie (D:5)
  2 giant cockroaches
  5 goblins
  A hobgoblin (D:7)
  3 kobolds
  A quokka (D:7)
  A ball python (D:3)
  3 bats
  An orc zombie (D:7)
  3 rats
42 creatures vanquished.

Notes
Turn   | Place    | Note
--------------------------------------------------------------
     0 | D:1      | timbw, the Human Fighter, began the quest for the Orb.
     0 | D:1      | Reached XP level 1. HP: 18/18 MP: 1/1
    74 | D:1      | Reached XP level 2. HP: 24/24 MP: 2/2
   182 | D:5      | Entered Level 5 of the Dungeon
   182 | D:5      | Found an opulent altar of Gozag.
   201 | D:5      | Noticed an ogre
   215 | D:5      | Killed an ogre
   215 | D:5      | Reached skill level 4 in Long Blades
   215 | D:5      | Reached XP level 3. HP: 7/29 MP: 3/3
   215 | D:5      | Reached XP level 4. HP: 8/35 MP: 4/4
   220 | D:5      | Reached XP level 5. HP: 10/41 MP: 5/5
   353 | D:5      | Noticed a phantom
   400 | D:5      | Gained mutation: You are partially covered in large bone plates (AC +2, SH +2). [potion of mutation]
   400 | D:5      | Gained mutation: You are partially covered in icy blue scales (AC +1). [potion of mutation]
   400 | D:5      | Gained mutation: You can translocate small distances at will. [potion of mutation]
   742 | D:6      | Reached skill level 5 in Long Blades
   841 | D:6      | Found a deep blue altar of Sif Muna.
   891 | D:6      | Found a glowing silver altar of Zin.
   940 | D:6      | Reached XP level 6. HP: 47/47 MP: 6/6
   962 | D:6      | Found an iron altar of Okawaru.
   971 | D:6      | Reached skill level 6 in Long Blades
   977 | D:6      | Became a worshipper of Warmaster Okawaru
  1110 | D:7      | Noticed a cyclops
  1163 | D:7      | Noticed an orc warrior
  1594 | D:7      | Lost mutation: You are partially covered in icy blue scales (AC +1). [potion of cure mutation]
  1594 | D:7      | Lost mutation: You can translocate small distances at will. [potion of cure mutation]
  1601 | D:7      | Slain by a cyclops

Action                   |  1- 3 |  4- 6 || total
-------------------------+-------+-------++-------
Melee: Long sword        |    38 |   128 ||   166
Evoke: Wand              |       |     2 ||     2
  Use: Potion            |     1 |     5 ||     6
       Scroll            |       |     5 ||     5
  Eat: Meat ration       |       |     1 ||     1
       Chunk             |       |     1 ||     1
